 Dungeon Crawl Stone Soup version 0.31-a0-626-g8143ab4f1d (webtiles) character file.

Game seed: 1585579279522584024

4272 bmack86 the Severer (level 10, -2/115 HPs)
             Began as a Minotaur Fighter on Aug 24, 2023.
             Was an Initiate of Gozag.
             Slain by a yak (8 damage)
             ... on level 8 of the Dungeon.
             The game lasted 00:16:36 (6766 turns).

bmack86 the Severer (Minotaur Fighter)              Turns: 6766, Time: 00:16:37

Health: -2/115     AC: 13    Str: 26    XL:     10   Next: 10%
Magic:  9/9        EV:  6    Int:  5    God:    Gozag
Gold:   423        SH:  5    Dex: 15    Spells: 9/9 levels left

rFire   . . .        a - +1 war axe
rCold   . . .        c - +0 buckler
rNeg    . . .        j - +0 plate armour
rPois   +            H - +0 hat
rElec   .            h - +1 cloak
rCorr   .            (no gloves)
SInv    .            (no boots)
Will    .....        (no amulet) Stlth
                     l - ring of poison resistance
HPRegen 0.39/turn    y - +6 ring of dexterity
MPRegen 0.11/turn

%: no passive effects
@: berserking, gold aura, very quick
A: horns 2, retaliatory headbutt
a: Renounce Religion, Potion Petition, Call Merchant, Bribe Branch


You were on level 8 of the Dungeon.
You worshipped Gozag.
Gozag was aware of your devotion.
You visited 2 branches of the dungeon, and saw 9 of its levels.

You collected 998 gold pieces.
You spent 560 gold pieces at shops.
You paid 15 gold pieces to Gozag.

Inventory:

Hand Weapons
 a - a +1 war axe (weapon)
 u - a +3 hand axe
Missiles
 i - 3 boomerangs
 D - 2 curare-tipped darts
Armour
 c - a +0 buckler (worn)
 h - a +1 cloak (worn)
 j - a +0 plate armour (worn)
 H - a +0 hat (worn)
Jewellery
 l - a ring of poison resistance (left hand)
 s - a ring of protection from cold
 x - an amulet of magic regeneration
 y - a +6 ring of dexterity (right hand)
 B - the amulet of Zyjot {Reflect Str+2 Int-5 Slay+2 SH+5}
   (You acquired it on level 3 of the Dungeon)

   [amulet of reflection]

   Reflect:   It reflects blocked missile attacks.
   Str+2:     It affects your strength (+2).
   Int-5:     It affects your intelligence (-5).
   Slay+2:    It affects your accuracy & damage with ranged weapons and melee
   (+2).
   SH+5:      It affects your SH (+5).
Wands
 b - a wand of flame (12) (quivered)
 t - a wand of iceblast (5)
 w - a wand of charming (11)
 C - a wand of quicksilver (8)
 I - a wand of polymorph (12)
Scrolls
 e - 2 scrolls of noise
 f - 3 scrolls of teleportation
 g - a scroll of summoning
 k - a scroll of enchant weapon
 o - a scroll of identify
 r - 2 scrolls of blinking
 v - a scroll of brand weapon
 E - a scroll of revelation
 F - a scroll of fog
 J - a scroll of fear {unknown}
Potions
 d - a potion of might
 m - a potion of enlightenment
 n - 2 potions of haste
 p - 4 potions of brilliance
 q - a potion of attraction
 G - a potion of mutation {unknown}


   Skills:
 - Level 3.6 Fighting
 + Level 16.8 Axes
 - Level 3.6 Armour
 - Level 5.0 Shields


You had 9 spell levels left.
You didn't know any spells.
Your spell library contained the following spells:

 Spells                   Type           Power      Damage    Failure   Level
 Apportation              Tloc           0%         N/A       100%        1
 Magic Dart               Conj           0%         1d3       100%        1
 Necrotise                Necr           0%         1d4       100%        1
 Summon Small Mammal      Summ           0%         N/A       100%        1
 Blink                    Tloc           0%         N/A       100%        2
 Call Imp                 Summ           0%         N/A       100%        2
 Cigotuvi's Dreadful Rot  Necr/Pois/Air  0%         N/A       100%        2
 Lesser Beckoning         Tloc           0%         N/A       100%        2
 Momentum Strike          Conj/Tloc      0%         3d8       100%        2
 Call Canine Familiar     Summ           0%         N/A       100%        3
 Frozen Ramparts          Ice            0%         1d1       100%        3
 Ignite Poison            Fire/Tmut/Pois 0%         N/A       100%        3
 Mephitic Cloud           Conj/Pois/Air  0%         N/A       100%        3
 Portal Projectile        Hex/Tloc       0%         N/A       100%        3
 Summon Guardian Golem    Hex/Summ       0%         N/A       100%        3
 Petrify                  Tmut/Erth      0%         N/A       100%        4
 Alistair's Intoxication  Tmut/Pois      0%         N/A       100%        5
 Freezing Cloud           Conj/Ice/Air   0%         6-21      100%        5
 Metabolic Englaciation   Hex/Ice        0%         N/A       100%        5
 Dispersal                Tloc           0%         N/A       100%        6


Dungeon Overview and Level Annotations

Branches:
Dungeon (8/15)             Temple (1/1) D:4
   Lair: D:8-11

Altars:
Ashenzari
Cheibriados
Elyvilon
Fedhas
Gozag
Hepliaklqana
Kikubaaqudgha
Makhleb
Nemelex Xobeh
Okawaru
Qazlal
Ru
Sif Muna
Uskayaw
Vehumet
Wu Jian
Xom
Yredelemnul
Zin
The Shining One

Shops:
D:3 ?   D:4 *   D:5 ?


Innate Abilities, Weirdness & Mutations

You have a pair of horns on your head.
You reflexively headbutt those who attack you in melee.


Message History

The killer bee stings you but does no damage.
The killer bee is distracted by your dazzling golden aura.
The killer bee completely misses you. The yak gores you but does no damage.
The yak is no longer distracted by gold.
The killer bee stings you.
* * * LOW HITPOINT WARNING * * *
You are poisoned.
The killer bee poisons you! The killer bee stings you.
* * * LOW HITPOINT WARNING * * *
You are more poisoned.
The killer bee poisons you! The yak gores you but does no damage.
You see here 10 gold pieces.
* * * LOW HITPOINT WARNING * * *
You feel very sick.
The killer bee attacks as it pursues you!
The killer bee stings you but does no damage.
The killer bee stings you.
* * * LOW HITPOINT WARNING * * *
The yak gores you but does no damage. The yak barely misses you.
You furiously retaliate!
You headbutt the yak!
You feel better.
The sky beast is no longer distracted by gold.
The killer bee stings you but does no damage. x2
The yak gores you.
* * * LOW HITPOINT WARNING * * *
The yak gores you but does no damage.
A red film seems to cover your vision as you go berserk!
You feel yourself moving faster!
You feel mighty!
The killer bee is no longer distracted by gold.
The killer bee stings you.
* * * LOW HITPOINT WARNING * * *
The killer bee stings you but does no damage.
The killer bee stings you!
* * * LOW HITPOINT WARNING * * *
The yak is distracted by your dazzling golden aura.
The yak gores you!
* * * LOW HITPOINT WARNING * * *
The yak gores you!
You die...
Your body crumbles into a pile of gold.

...# ....# ## ....
##.# #..##..##
..#..Y....#
#.#.......#
......y..##
.....YY@..#
......Yy$##
......$..#
..#...$.## .
##.#...###
.#..##....#
..........##
##.........#######
#.......##........


You could see 3 yaks, a sky beast and 2 killer bees.

Vanquished Creatures
  A two-headed ogre (D:8)
  Maggie (D:6)
  2 yaks (D:8)
  2 steam dragons
  Duvessa (D:7)
  A water moccasin (D:5)
  2 sky beasts
  4 black bears
  2 orc warriors (D:7)
  An ogre (D:5)
  A centaur (D:7)
  7 bullfrogs
  3 scorpions
  Dowan (D:7)
  The ghost of RepHenryClay the Sneak, a weakling MiDe (D:5)
  4 killer bees (D:8)
  2 quasits (D:5)
  6 jellies
  2 orc priests
  Crazy Yiuf (D:7)
  Terence (D:2)
  5 iguanas
  4 orc wizards
  Ijyb (D:4)
  Robin (D:2)
  3 gnolls (D:5)
  10 adders
  A white imp (D:5)
  A worm (D:3)
  3 dart slugs (D:1)
  15 orcs
  12 bats
  8 endoplasms
  4 giant cockroaches
  20 goblins
  10 hobgoblins
  7 jackals
  6 kobolds
  2 quokkas
  8 ball pythons
  5 frilled lizards
  8 rats
180 creatures vanquished.

Notes
Turn   | Place    | Note
-------+----------+-------------------------------------------
     0 | D:1      | bmack86 the Minotaur Fighter began the quest for the Orb.
     0 | D:1      | Reached XP level 1. HP: 19/19 MP: 0/0
   152 | D:1      | Reached XP level 2. HP: 19/26 MP: 1/1
   262 | D:1      | Reached skill level 3 in Axes
   493 | D:1      | Reached XP level 3. HP: 28/31 MP: 2/2
   701 | D:1      | You fall into a shaft and drop 1 floor!
   821 | D:2      | Reached skill level 5 in Shields
   939 | D:2      | Reached skill level 4 in Axes
   994 | D:2      | Reached XP level 4. HP: 39/39 MP: 3/3
  1085 | D:2      | Noticed Robin
  1106 | D:2      | Killed Robin
  1107 | D:2      | Reached skill level 5 in Axes
  1580 | D:2      | Noticed Terence
  1594 | D:2      | Killed Terence
  1595 | D:2      | Reached XP level 5. HP: 41/45 MP: 4/4
  1769 | D:3      | Found an opulent altar of Gozag.
  1772 | D:3      | Found a sparkling altar of Nemelex Xobeh.
  1776 | D:3      | Found a white marble altar of Elyvilon.
  1780 | D:3      | Found a burning altar of Makhleb.
  1790 | D:3      | Became a worshipper of Gozag Ym Sagoz the Greedy
  1804 | D:3      | Found an iron altar of Okawaru.
  1862 | D:3      | Reached skill level 6 in Axes
  1967 | D:3      | Found Habb's Magic Scroll Shop.
  1999 | D:3      | Bought a scroll of identify for 20 gold pieces
  1999 | D:3      | Bought a scroll of identify for 20 gold pieces
  2228 | D:3      | Found a basalt altar of Yredelemnul.
  2233 | D:3      | Found a glowing golden altar of the Shining One.
  2235 | D:3      | Noticed an angel
  2516 | D:4      | Reached XP level 6. HP: 41/51 MP: 5/5
  2612 | D:4      | Found a staircase to the Ecumenical Temple.
  2612 | D:4      | Noticed Ijyb
  2624 | D:4      | Killed Ijyb
  2625 | D:4      | Reached skill level 7 in Axes
  2654 | Temple   | Entered the Ecumenical Temple
  2765 | D:4      | Found Siomaag's General Store.
  3051 | D:4      | Got the Excursus on the Map
  3288 | D:5      | Entered Level 5 of the Dungeon
  3294 | D:5      | Found a transporter.
  3297 | D:5      | Noticed RepHenryClay's ghost (weakling MiDe)
  3324 | D:5      | Found a transporter.
  3338 | D:5      | Found Cuistar's Magic Scroll Shop.
  3385 | D:5      | Reached skill level 8 in Axes
  3553 | D:5      | Reached XP level 7. HP: 46/57 MP: 6/6
  3641 | D:5      | Reached skill level 9 in Axes
  3925 | D:5      | Reached skill level 10 in Axes
  4358 | D:5      | Killed RepHenryClay's ghost
  4422 | D:6      | Reached XP level 8. HP: 55/64 MP: 7/7
  4583 | D:6      | Found an ornate altar of the Wu Jian Council.
  4589 | D:6      | Reached skill level 11 in Axes
  4681 | D:6      | Noticed Maggie
  4697 | D:6      | Killed Maggie
  4698 | D:6      | Reached skill level 12 in Axes
  4928 | D:6      | Reached skill level 13 in Axes
  5128 | D:6      | Found a shimmering blue altar of Sif Muna.
  5208 | D:6      | Reached XP level 9. HP: 70/70 MP: 8/8
  5512 | D:3      | Bought a scroll of acquirement for 520 gold pieces
  5512 | D:3      | Acquired the amulet of Zyjot {Reflect Str+2 Int-5 Slay+2
                  | SH+5}
  5632 | D:7      | Noticed Duvessa
  5632 | D:7      | Noticed Dowan
  5646 | D:7      | Killed Duvessa
  5660 | D:7      | Killed Dowan
  5739 | D:7      | Reached skill level 14 in Axes
  5790 | D:7      | Found a runed translucent door.
  5791 | D:7      | Noticed Crazy Yiuf
  5796 | D:7      | Killed Crazy Yiuf
  6098 | D:7      | Reached skill level 15 in Axes
  6165 | D:7      | Found a hazy altar of Hepliaklqana.
  6515 | D:8      | Noticed a two-headed ogre
  6520 | D:8      | Killed a two-headed ogre
  6521 | D:8      | Reached skill level 16 in Axes
  6570 | D:8      | Found a blossoming altar of Fedhas.
  6571 | D:8      | Found an ancient bone altar of Kikubaaqudgha.
  6758 | D:8      | Reached XP level 10. HP: 54/77 MP: 9/9
  6766 | D:8      | Slain by a yak

Illustrated notes

Levels and vault maps discovered:
D:1:      nicolae_arrival_memento_mori, layout_loops_cross,
          serial_co_window_serial, co_window_paths_a, co_window_corner_a,
          co_window_of_opportunity_a, co_window_paths_a,
          co_window_of_opportunity_a, co_window_corner_b, co_window_paths_c,
          co_window_broadway_a, co_window_corner_ca, minmay_unequal
D:2:      layout_basic, serial_corexii_hall, corexii_hall_statues_l,
          corexii_hall_statues_t, hangedman_feature_mirror,
          minmay_split_cup_small, uniq_robin, uniq_terence
D:3:      layout_basic, grunt_temple_overflow_holy_war,
          okawaru_ov_weapons_minmay, nicolae_overflow_macrodata_refinement,
          serial_shops, nicolae_shop_just_a_little_nook, minivault_24
D:4:      layout_basic, temple_fountains, serial_shops, shop, uniq_ijyb
D:5:      layout_loops_ring, serial_shops, shop, gammafunk_ghost_stat_death
D:6:      layout_gridville, old_standard_altar, mainiacjoe_overflow_brackets,
          uniq_maggie
D:7:      cheibrodos_quashed, layout_basic, mainiacjoe_overflow_alcove_4,
          minivault_4, minivault_10, supply_closet_lemuel,
          uniq_crazy_yiuf_cottage, uniq_duvessa
D:8:      layout_cave_pools, grunt_temple_overflow_growth_and_decay,
          kennysheep_little_box, hangedman_abyss_or_decor_jellyfish_corner,
          corexii_checkpoint_a, uniq_joseph
Temple:   hellmonk_temple_of_storms

Skill      XL: |  1  2  3  4  5  6  7  8  9 |
---------------+----------------------------+-----
Shields        | 4 5 |  5.0
Axes           | 3 4 5 6 8 10 13 16 | 16.8
Fighting       | |  3.6
Armour         | |  3.6

Action                     |  1- 3 |  4- 6 |  7- 9 | 10-12 || total
---------------------------+-------+-------+-------+-------++-------
  Melee: War axe           |    93 |   114 |    51 |     5 ||   263
         Headbutt          |     7 |    23 |    45 |       ||    75
         Hand axe          |       |    52 |   175 |       ||   227
  Evoke: Wand              |       |       |    11 |       ||    11
    Use: Scroll            |       |     6 |     9 |       ||    15
         Potion            |       |       |     1 |     2 ||     3
 Armour: Scale mail        |    45 |       |       |       ||    45
         Plate armour      |     7 |   133 |   163 |    12 ||   315
  Dodge: Dodged            |    58 |    45 |    58 |     4 ||   165
  Block: Buckler           |    28 |    48 |    58 |     3 ||   137

Table legend: (Time is in decaauts)
 A = Elapsed time spent in this place.
 B = Non-inter-level travel time spent in this place.
 C = Inter-level travel time spent in this place.
 D = Time resting spent in this place.
 E = Time spent auto-exploring this place.
 F = Levels seen in this place.
 G = Mean time per level.
                   A        B        C        D        E       F      G
               +--------+--------+--------+--------+--------+-----+--------+
         Total |   6766 |   6448 |    318 |      0 |   4589 |   9 |  751.8 |
       Dungeon |   6764 |   6446 |    318 |      0 |   4589 |   8 |  845.5 |
        Temple |      1 |      1 |      0 |      0 |      0 |   1 |    1.0 |
               +--------+--------+--------+--------+--------+-----+--------+

Top non-repeatable levels by time:
     D:5: 1152 daAuts
     D:6: 1038 daAuts
     D:1: 982 daAuts
     D:7: 908 daAuts
     D:4: 830 daAuts
     D:2: 805 daAuts
     D:3: 798 daAuts
     D:8: 248 daAuts
  Temple: 1 daAuts
